Map: Dusk Towers

Players

Miszu

  • Race: Terran Terran
  • League: Master

Wordix - Winner!

  • Race: Terran Terran
  • League: Grandmaster

VOD

Have the link to the VOD?

Description

Time

  • Played on: April 30, 2016, 3:39 p.m.
  • Length: 3:53
Show
View Real Time Build Order
Export as new Build Order

Miszu Terran 

Build Orders:  

Get SALT Encoding   

  12  0:00  SCV  
  13  0:13  SCV  
  14  0:18  Supply Depot  
  14  0:25  SCV  
  15  0:39  SCV  
  16  0:44  Barracks  
  16  0:46  Refinery  
  16  0:52  SCV  
  17  1:04  SCV  
  18  1:16  SCV  
  19  1:31  Orbital Command  
  20  1:33  Marine  
  20  1:41  Command Center  
  20  1:51  Marine  
  21  1:55  Supply Depot  
  21  1:57  SCV  
  22  2:07  Factory  
  22  2:09  SCV  
  22  2:10  Barracks Reactor  
  23  2:17  Refinery  
  23  2:21  SCV  
  24  2:33  SCV  
  25  2:45  SCV  
  25  2:51  Starport  
  26  2:52  Marine x2, Widow Mine  
  26  2:54  Orbital Command  
  26  2:57  SCV  
  31  3:09  Marine x2, SCV  
  25  3:27  Marine x2  
  24  3:34  SCV  
  24  3:35  SCV  
Show
View Real Time Build Order
Export as new Build Order

Wordix Terran - Winner!

Build Orders: 1/1/1 

Get SALT Encoding   

  12  0:00  SCV  
  13  0:12  SCV  
  14  0:17  Supply Depot  
  14  0:25  SCV  
  14  0:27  Refinery  
  15  0:38  SCV  
  16  0:44  Barracks  
  16  0:50  SCV  
  16  0:54  Refinery  
  17  1:03  SCV  
  18  1:15  SCV  
  19  1:31  Factory  
  19  1:33  Reaper  
  19  1:36  Orbital Command  
  20  2:05  Reaper  
  20  2:07  Supply Depot  
  21  2:15  Starport, Hellion  
  23  2:29  SCV  
  24  2:36  Hellion  
  26  2:37  Reaper  
  26  2:41  Supply Depot  
  27  2:45  SCV  
  28  2:52  Starport Tech Lab  
  28  2:58  SCV  
  29  3:10  SCV  
  29  3:22  SCV  
  29  3:26  Factory Tech Lab  
  30  3:27  Command Center  
  26  3:34  SCV  
Tags
 
Add a new tag
Caveats
  • Supply blocks, unpowered buildings, or Contaminate may cause inaccurate times.
  • Supply counts are checked every 10 seconds.